[Event "EYCC Open-U14 2019"]
[Site "Bratislava"]
[Date "2019.08.06"]
[Round "5.4"]
[White "Kirillov, Dmitry"]
[Black "Stukan, Martin"]
[Result "0-1"]
[ECO "B51"]
[WhiteElo "2244"]
[BlackElo "2303"]
[Annotator "NA"]
[PlyCount "68"]
[EventDate "2019.08.02"]
[EventType "swiss"]
[EventCountry "SVK"]
[SourceTitle "playchess.com"]
[Source "ChessBase"]
[SourceQuality "1"]
[TimeControl "40/5400+30:1800+30"]

1. e4 c5 2. Nf3 d6 3. Bb5+ Nd7 4. d4 cxd4 5. Qxd4 a6 6. Bxd7+ Bxd7 7. Nc3 e5 8. Qd3 Rc8 9. O-O h6 10. a4 Nf6 11. h3 Be7 12. Rd1 Be6 13. Nh2 O-O 14. Nf1 Qa5 15. Bd2 Qc5 16. Ne3 Rfd8 17. Be1 Rd7 18. b3 Bd8 19. Ncd5 Bxd5 20. exd5 Bb6 21. a5 Ba7 22. Ra4 Qc7 23. Rc4 Qd8 24. Rxc8 Qxc8 25. Nf5 h5 26. Qg3 g6 27. Qg5 Ne4 28. Ne7+ Rxe7 29. Qxe7 Qxc2 30. Ra1 Bd4 31. Qxb7 Bxa1 32. Qxa6 Qxb3 33. Qc8+ Kg7 34. a6 Bd4 0-1

[Event "EYCC Open-U14 2019"]
[Site "Bratislava"]
[Date "2019.08.06"]
[Round "5.5"]
[White "Sokolovsky, Yahli"]
[Black "Borhy, Marcell"]
[Result "0-1"]
[ECO "B01"]
[WhiteElo "2093"]
[BlackElo "2382"]
[Annotator "NA"]
[PlyCount "124"]
[EventDate "2019.08.02"]
[EventType "swiss"]
[EventCountry "SVK"]
[SourceTitle "playchess.com"]
[Source "ChessBase"]
[SourceQuality "1"]
[TimeControl "40/5400+30:1800+30"]

1. e4 d5 2. exd5 Nf6 3. d4 Nxd5 4. Nf3 g6 5. c4 Nb6 6. c5 Nd5 7. Bc4 Bg7 8. Qb3 c6 9. Nc3 O-O 10. O-O Nxc3 11. bxc3 b5 12. cxb6 axb6 13. Ng5 e6 14. Ne4 Ba6 15. Bxa6 Rxa6 16. Bg5 Qc7 17. a4 Nd7 18. Ra3 Rfa8 19. Rfa1 c5 20. Be3 c4 21. Qc2 h6 22. f3 Qc6 23. h4 f5 24. Nf2 Nf6 25. Nh3 Nd5 26. Bd2 Kh7 27. Nf4 e5 28. dxe5 Bxe5 29. Nxd5 Qxd5 30. h5 b5 31. Be3 Qe6 32. hxg6+ Kxg6 33. Kf2 h5 34. R3a2 bxa4 35. Rxa4 Rxa4 36. Rxa4 Rxa4 37. Qxa4 Bxc3 38. Qd1 Bf6 39. g3 Be5 40. Qc2 Kg7 41. Qe2 Kg6 42. Qc2 Kf7 43. Qd1 Bxg3+ 44. Kxg3 Qxe3 45. Qd7+ Kf6 46. Qd6+ Qe6 47. Qf8+ Kg6 48. Kf4 c3 49. Qc5 Qf6 50. Qg1+ Kh7 51. Qc5 Kh6 52. Qc8 h4 53. Qe6 Kg7 54. Qd7+ Kg6 55. Qe8+ Kg7 56. Qd7+ Kf8 57. Qc8+ Kf7 58. Qc7+ Kg6 59. Qxc3 Qg5+ 60. Ke5 f4+ 61. Ke6 Qf5+ 62. Ke7 Qf7+ 0-1

[Event "EYCC Open-U14 2019"]
[Site "Bratislava"]
[Date "2019.08.06"]
[Round "5.6"]
[White "Can, Isik"]
[Black "Guz, Ari"]
[Result "1/2-1/2"]
[ECO "B41"]
[WhiteElo "2374"]
[BlackElo "2165"]
[Annotator "NA"]
[PlyCount "81"]
[EventDate "2019.08.02"]
[EventType "swiss"]
[EventCountry "SVK"]
[SourceTitle "playchess.com"]
[Source "ChessBase"]
[SourceQuality "1"]
[TimeControl "40/5400+30:1800+30"]

1. e4 c5 2. Nf3 e6 3. d4 cxd4 4. Nxd4 a6 5. c4 Nf6 6. Nc3 Bb4 7. Qd3 d5 8. exd5 exd5 9. Be2 O-O 10. O-O Nc6 11. Nxd5 Nxd5 12. Nxc6 bxc6 13. cxd5 Qxd5 14. Qg3 Bd6 15. Bf4 Bxf4 16. Qxf4 Be6 17. Rfc1 Qd7 18. b3 Rfe8 19. Rc2 Bd5 20. Rac1 a5 21. Bg4 Qe7 22. h3 a4 23. Re2 Qxe2 24. Bxe2 Rxe2 25. bxa4 Rxa2 26. Rb1 h6 27. Rb8+ Rxb8 28. Qxb8+ Kh7 29. Qb4 Ra1+ 30. Kh2 Ra2 31. Kg3 f5 32. a5 f4+ 33. Kxf4 Rxf2+ 34. Ke3 Rxg2 35. a6 c5 36. Qxc5 Rg6 37. Qc8 Be6 38. Qc2 Bxh3 39. a7 Bg2 40. Kf4 h5 41. Qxg2 1/2-1/2

[Event "EYCC Open-U14 2019"]
[Site "Bratislava"]
[Date "2019.08.06"]
[Round "5.7"]
[White "Stamatiou, Rodolfos"]
[Black "Popov, Konstantin"]
[Result "0-1"]
[ECO "B90"]
[WhiteElo "2121"]
[BlackElo "2367"]
[Annotator "NA"]
[PlyCount "110"]
[EventDate "2019.08.02"]
[EventType "swiss"]
[EventCountry "SVK"]
[SourceTitle "playchess.com"]
[Source "ChessBase"]
[SourceQuality "1"]
[TimeControl "40/5400+30:1800+30"]

1. e4 c5 2. Nf3 d6 3. d4 Nf6 4. Nc3 cxd4 5. Nxd4 a6 6. h3 e6 7. g4 Qc7 8. g5 Nfd7 9. Be3 b5 10. a4 b4 11. Na2 Bb7 12. Bg2 Nc5 13. Nxb4 Nxe4 14. O-O d5 15. Nd3 Bd6 16. Qg4 O-O 17. Rac1 Qd7 18. c4 f5 19. gxf6 Rxf6 20. c5 Bc7 21. h4 Nc6 22. b4 Rg6 23. Qh3 Nxd4 24. Bxd4 Rf8 25. Kh1 Qxa4 26. h5 Rh6 27. Be3 Rhf6 28. c6 Bc8 29. Qh4 Qb3 30. Bxe4 dxe4 31. Qxe4 Rf5 32. h6 R8f6 33. Rg1 g6 34. Rg4 Rh5+ 35. Kg1 e5 36. Nc5 Qf7 37. Rg2 Rd6 38. Na4 Bf5 39. Qf3 Rh3 40. Rg3 e4 41. Qe2 Rd5 42. Rg2 Be6 43. Rc5 Qf3 44. Qxf3 exf3 45. Rxd5 Bxd5 46. Rg4 Bxc6 47. Nc3 Bh2+ 48. Kf1 Be5 49. b5 axb5 50. Nb1 Be4 51. Ke1 Bxb1 52. Kd2 Rh5 53. Kc1 Ba2 54. Re4 Bd5 55. Rb4 Bc4 0-1

[Event "EYCC Open-U14 2019"]
[Site "Bratislava"]
[Date "2019.08.06"]
[Round "5.8"]
[White "Morgunov, Marc"]
[Black "Jun, Rudolf Jr."]
[Result "1/2-1/2"]
[ECO "B33"]
[WhiteElo "2314"]
[BlackElo "2200"]
[Annotator "NA"]
[PlyCount "61"]
[EventDate "2019.08.02"]
[EventType "swiss"]
[EventCountry "SVK"]
[SourceTitle "playchess.com"]
[Source "ChessBase"]
[SourceQuality "1"]
[TimeControl "40/5400+30:1800+30"]

1. e4 c5 2. Nf3 Nc6 3. d4 cxd4 4. Nxd4 Nf6 5. Nc3 e5 6. Ndb5 d6 7. Bg5 a6 8. Na3 b5 9. Nd5 Be7 10. Bxf6 Bxf6 11. c3 O-O 12. h4 g6 13. g3 Bg7 14. h5 Be6 15. Bg2 Rb8 16. Nc2 a5 17. Nce3 Qg5 18. Nc7 Qe7 19. Nxe6 Qxe6 20. Bh3 Qe7 21. hxg6 hxg6 22. Qg4 Bh6 23. Qe2 Bxe3 24. Qxe3 Kg7 25. Rd1 Rh8 26. Kf1 b4 27. Kg2 bxc3 28. bxc3 Nd8 29. Rb1 Rxb1 30. Rxb1 Ne6 31. Rb5 1/2-1/2

[Event "EYCC Open-U14 2019"]
[Site "Bratislava"]
[Date "2019.08.06"]
[Round "5.9"]
[White "Biletskiy, Danylo"]
[Black "Stalmach, Richard"]
[Result "1-0"]
[ECO "A15"]
[WhiteElo "2105"]
[BlackElo "2381"]
[Annotator "NA"]
[PlyCount "132"]
[EventDate "2019.08.02"]
[EventType "swiss"]
[EventCountry "SVK"]
[SourceTitle "playchess.com"]
[Source "ChessBase"]
[SourceQuality "1"]
[TimeControl "40/5400+30:1800+30"]

1. c4 Nf6 2. Nf3 g6 3. b3 Bg7 4. Bb2 d6 5. d4 O-O 6. g3 Nbd7 7. Bg2 e5 8. dxe5 dxe5 9. O-O Re8 10. Nxe5 Ng4 11. Nd3 Bxb2 12. Nxb2 Qf6 13. Qc2 Nc5 14. Nc3 Qe5 15. Rad1 Bf5 16. Qc1 c6 17. b4 Na6 18. b5 Nc5 19. bxc6 Ne4 20. Nxe4 Bxe4 21. Nd3 Qd4 22. Qf4 Nf6 23. cxb7 Rab8 24. e3 Qc3 25. Nc5 Bxg2 26. Kxg2 Qb4 27. Qd4 Qb6 28. Qd6 Qb4 29. Rb1 Qxc4 30. Na6 Ne4 31. Qa3 Rxb7 32. Rxb7 Nd2 33. Rbb1 Nxb1 34. Qb4 Qd5+ 35. Kg1 Nd2 36. Nc7 Nf3+ 37. Kh1 Qh5 38. Kg2 Rd8 39. Qf4 Nd2 40. Rc1 Qa5 41. Qf6 Rb8 42. Qd4 Qb4 43. Qxb4 Rxb4 44. Rc2 Ne4 45. f3 Nf6 46. e4 Kf8 47. Rc6 Rb2+ 48. Kg1 Rb1+ 49. Kf2 Kg7 50. e5 Nd7 51. e6 fxe6 52. Nxe6+ Kf7 53. Ng5+ Ke7 54. Re6+ Kd8 55. Ra6 Rb5 56. h4 Rb7 57. Nxh7 Nb6 58. Nf8 g5 59. Ne6+ Ke7 60. Nxg5 Kf6 61. f4 Kf5 62. Kf3 Rc7 63. g4+ Kg6 64. f5+ Kh6 65. Ne4 Rd7 66. g5+ Kh5 1-0

[Event "EYCC Open-U14 2019"]
[Site "Bratislava"]
[Date "2019.08.06"]
[Round "5.10"]
[White "Vojta, Jakub"]
[Black "Krupa, Miroslav"]
[Result "1-0"]
[ECO "B52"]
[WhiteElo "2238"]
[BlackElo "2114"]
[Annotator "NA"]
[PlyCount "153"]
[EventDate "2019.08.02"]
[EventType "swiss"]
[EventCountry "SVK"]
[SourceTitle "playchess.com"]
[Source "ChessBase"]
[SourceQuality "1"]
[TimeControl "40/5400+30:1800+30"]

1. e4 c5 2. Nf3 d6 3. Bb5+ Bd7 4. Bxd7+ Qxd7 5. c4 Nc6 6. d4 cxd4 7. Nxd4 g6 8. Nc3 Bg7 9. Be3 Nf6 10. f3 O-O 11. O-O a6 12. Qd2 Nxd4 13. Bxd4 b5 14. cxb5 axb5 15. a3 Rab8 16. Na2 Rfc8 17. Rac1 Qe6 18. Nb4 Rc4 19. Nc6 Rc8 20. Rxc4 bxc4 21. Nb4 Qd7 22. Qc2 Qb5 23. Kh1 e6 24. Rd1 Rd8 25. Qc3 Ne8 26. h3 Bf8 27. Nc2 d5 28. exd5 exd5 29. Ne3 Qb7 30. Qd2 Bh6 31. Qf2 Bxe3 32. Qxe3 Ng7 33. Qe5 f5 34. Re1 Qf7 35. a4 h6 36. a5 Kh7 37. Qf6 Qxf6 38. Bxf6 Rd6 39. Be5 Re6 40. f4 Ra6 41. Ra1 Ne6 42. g3 g5 43. Kg2 Kg6 44. Kf3 h5 45. h4 g4+ 46. Ke3 Kf7 47. Bd4 Nd8 48. Bb6 Nc6 49. Kd2 Ke6 50. Kc3 Kd6 51. b4 cxb3 52. Kxb3 Ra8 53. Ka4 Nb8 54. Kb5 Nd7 55. a6 Nxb6 56. Kxb6 Rb8+ 57. Ka5 d4 58. a7 Ra8 59. Kb6 Kd5 60. Kb7 Rd8 61. a8=Q Rxa8 62. Rxa8 d3 63. Rd8+ Ke4 64. Kc6 Ke3 65. Kd5 Kf3 66. Ke5 Kxg3 67. Kxf5 Kxh4 68. Ke4 g3 69. Kxd3 Kh3 70. f5 h4 71. f6 g2 72. Rg8 Kh2 73. f7 h3 74. f8=Q g1=Q 75. Qf4+ Kh1 76. Rxg1+ Kxg1 77. Qg3+ 1-0

[Event "EYCC Open-U14 2019"]
[Site "Bratislava"]
[Date "2019.08.06"]
[Round "5.11"]
[White "Fernandez Lopez, Ruben"]
[Black "Chyzy, Jakub"]
[Result "0-1"]
[ECO "C70"]
[WhiteElo "2207"]
[BlackElo "2093"]
[Annotator "NA"]
[PlyCount "84"]
[EventDate "2019.08.02"]
[EventType "swiss"]
[EventCountry "SVK"]
[SourceTitle "playchess.com"]
[Source "ChessBase"]
[SourceQuality "1"]
[TimeControl "40/5400+30:1800+30"]

1. e4 e5 2. Nf3 Nc6 3. Bb5 a6 4. Ba4 Nge7 5. c3 g6 6. d4 exd4 7. cxd4 b5 8. Bb3 Bg7 9. Nc3 O-O 10. Bg5 h6 11. Bh4 g5 12. Bg3 d6 13. h3 Na5 14. Bc2 Nc4 15. b3 Na3 16. Bd3 c5 17. Rc1 cxd4 18. Ne2 Qb6 19. Qd2 b4 20. Bc4 Nxc4 21. Rxc4 a5 22. h4 g4 23. Nfxd4 Ba6 24. Rc1 Rac8 25. Rd1 Rfd8 26. O-O Bxd4 27. Nxd4 Bxf1 28. Kxf1 d5 29. e5 Qg6 30. Kg1 Kh7 31. Qf4 Rc5 32. h5 Qxh5 33. Qf6 Rdc8 34. Qxe7 Rc1 35. Rf1 Rxf1+ 36. Kxf1 Rc1+ 37. Ke2 Qg6 38. Kd2 Rc3 39. Ne2 Qc2+ 40. Ke1 Qb1+ 41. Nc1 Qxc1+ 42. Ke2 Qb2+ 0-1

[Event "EYCC Open-U14 2019"]
[Site "Bratislava"]
[Date "2019.08.06"]
[Round "5.12"]
[White "Antonica, Dragos-Andrei"]
[Black "Hak, David"]
[Result "1-0"]
[ECO "A48"]
[WhiteElo "2124"]
[BlackElo "2012"]
[Annotator "NA"]
[PlyCount "81"]
[EventDate "2019.08.02"]
[EventType "swiss"]
[EventCountry "SVK"]
[SourceTitle "playchess.com"]
[Source "ChessBase"]
[SourceQuality "1"]
[TimeControl "40/5400+30:1800+30"]

1. d4 Nf6 2. Nf3 g6 3. Bg5 Bg7 4. Nbd2 d5 5. c3 c5 6. e3 O-O 7. Be2 Qb6 8. Qb3 c4 9. Qa3 Nc6 10. O-O h6 11. Bh4 Qd8 12. Bxf6 Bxf6 13. b3 b5 14. Qc5 Qb6 15. Qxd5 Bb7 16. Ne4 Bg7 17. Qc5 Nxd4 18. cxd4 Bxe4 19. Qxb6 axb6 20. bxc4 Rfc8 21. Rfc1 Rc7 22. cxb5 Rxa2 23. Kf1 Rcc2 24. Rxa2 Rxc1+ 25. Ne1 Bxg2+ 26. Kxg2 Rxe1 27. Ra8+ Kh7 28. Bc4 e6 29. Rb8 Rc1 30. Be2 Re1 31. Bf3 Rb1 32. Rxb6 Bf6 33. Rb7 Kg8 34. Rb8+ Kg7 35. b6 Be7 36. b7 Bd6 37. Rd8 Bc7 38. Rd7 Bb8 39. d5 Kf6 40. d6 Ba7 41. Rd8 1-0

[Event "EYCC Open-U14 2019"]
[Site "Bratislava"]
[Date "2019.08.06"]
[Round "5.13"]
[White "Tsaruk, Maksim"]
[Black "Fardet, Elouan"]
[Result "1-0"]
[ECO "B54"]
[WhiteElo "2230"]
[BlackElo "2047"]
[Annotator "NA"]
[PlyCount "97"]
[EventDate "2019.08.02"]
[EventType "swiss"]
[EventCountry "SVK"]
[SourceTitle "playchess.com"]
[Source "ChessBase"]
[SourceQuality "1"]
[TimeControl "40/5400+30:1800+30"]

1. e4 c5 2. Nf3 d6 3. d4 cxd4 4. Nxd4 Nf6 5. f3 e5 6. Nb3 Be7 7. c4 O-O 8. Nc3 Be6 9. Be3 a6 10. Be2 Nbd7 11. Nd5 Bxd5 12. cxd5 Nh5 13. Qd2 a5 14. Bb5 a4 15. Nc1 Nc5 16. Ne2 Qb6 17. Nc3 h6 18. Bxa4 Bg5 19. Bxg5 hxg5 20. Bb5 Nb3 21. Qf2 Qxf2+ 22. Kxf2 Nxa1 23. Rxa1 Rfc8 24. a4 Kf8 25. Ra3 Ke7 26. Ke3 Nf6 27. h3 Nd7 28. Kd2 g6 29. a5 f5 30. Bxd7 Kxd7 31. Na4 Rxa5 32. Nb6+ Kc7 33. Rc3+ Rc5 34. Rxc5+ dxc5 35. Nxc8 Kxc8 36. b4 c4 37. b5 Kc7 38. Kc3 b6 39. exf5 gxf5 40. Kxc4 Kd6 41. g3 Ke7 42. f4 exf4 43. gxf4 g4 44. hxg4 fxg4 45. Kd4 Kd6 46. Ke4 Kc5 47. f5 g3 48. Kf3 Kxd5 49. Kxg3 1-0

[Event "EYCC Open-U14 2019"]
[Site "Bratislava"]
[Date "2019.08.06"]
[Round "5.14"]
[White "Rozen, Eytan"]
[Black "Neumann, Filip"]
[Result "1-0"]
[ECO "D30"]
[WhiteElo "2260"]
[BlackElo "1982"]
[Annotator "NA"]
[PlyCount "77"]
[EventDate "2019.08.02"]
[EventType "swiss"]
[EventCountry "SVK"]
[SourceTitle "playchess.com"]
[Source "ChessBase"]
[SourceQuality "1"]
[TimeControl "40/5400+30:1800+30"]

1. d4 d5 2. c4 e6 3. Nf3 Nf6 4. g3 Bb4+ 5. Bd2 Be7 6. Bg2 O-O 7. O-O c6 8. b3 Nbd7 9. Bc3 Ne4 10. Qc2 b6 11. Nbd2 Nxc3 12. Qxc3 Bb7 13. b4 dxc4 14. Nxc4 c5 15. bxc5 bxc5 16. Rad1 Rc8 17. Nfe5 Bxg2 18. Kxg2 Qc7 19. d5 Nxe5 20. Qxe5 Qxe5 21. Nxe5 exd5 22. Rxd5 f6 23. Rd7 Bd8 24. Nc4 Bb6 25. Rfd1 Rb8 26. a4 Rfc8 27. a5 Bc7 28. Re7 Rb4 29. Rdd7 Rxc4 30. Rxg7+ Kf8 31. Rxh7 Ke8 32. Rhe7+ Kf8 33. Rxc7 Rxc7 34. Rxc7 a6 35. Rc6 Ra4 36. Rxf6+ Ke7 37. Rxa6 Kd7 38. Rb6 Rxa5 39. Rb1 1-0

[Event "EYCC Open-U14 2019"]
[Site "Bratislava"]
[Date "2019.08.06"]
[Round "5.15"]
[White "Weihrauch, Jakob"]
[Black "Grigoryan, Aram"]
[Result "1-0"]
[ECO "C01"]
[WhiteElo "2201"]
[BlackElo "1947"]
[Annotator "NA"]
[PlyCount "43"]
[EventDate "2019.08.02"]
[EventType "swiss"]
[EventCountry "SVK"]
[SourceTitle "playchess.com"]
[Source "ChessBase"]
[SourceQuality "1"]
[TimeControl "40/5400+30:1800+30"]

1. e4 e6 2. d4 d5 3. exd5 exd5 4. Nf3 Nc6 5. Bb5 Bd6 6. c4 Bb4+ 7. Kf1 Nf6 8. c5 Ne4 9. Qa4 a5 10. a3 Bxc5 11. dxc5 O-O 12. Be3 Qf6 13. Bxc6 Qxb2 14. Qd4 Qxd4 15. Nxd4 bxc6 16. Nxc6 Bb7 17. Ne7+ Kh8 18. Nf5 Rfe8 19. Nd2 Nc3 20. h3 d4 21. Nxd4 Rad8 22. N2f3 1-0

[Event "EYCC Open-U14 2019"]
[Site "Bratislava"]
[Date "2019.08.06"]
[Round "5.16"]
[White "Bochnicka, Vladimir"]
[Black "Backiel, Hubert"]
[Result "1-0"]
[ECO "B34"]
[WhiteElo "2169"]
[BlackElo "1748"]
[Annotator "NA"]
[PlyCount "83"]
[EventDate "2019.08.02"]
[EventType "swiss"]
[EventCountry "SVK"]
[SourceTitle "playchess.com"]
[Source "ChessBase"]
[SourceQuality "1"]
[TimeControl "40/5400+30:1800+30"]

1. e4 c5 2. Nf3 Nc6 3. d4 cxd4 4. Nxd4 Nf6 5. Nc3 e5 6. Ndb5 d6 7. Nd5 Nxd5 8. exd5 Nb8 9. a4 Be7 10. Be2 O-O 11. O-O f5 12. f4 a6 13. Na3 Nd7 14. Nc4 e4 15. a5 b5 16. axb6 Nxb6 17. Be3 Nxc4 18. Bxc4 Qc7 19. Qe2 Bf6 20. c3 a5 21. Ra3 Bb7 22. Rfa1 Rfc8 23. Bb3 Bd8 24. c4 Ba6 25. Qf2 Qb7 26. Ba4 Qf7 27. Bc6 Rab8 28. b3 Rb4 29. h3 Bb7 30. Ba4 Bf6 31. Rd1 Qh5 32. Rf1 Bh4 33. g3 Bf6 34. Bd7 Rb8 35. Be6+ Kh8 36. Kg2 Ba6 37. g4 fxg4 38. hxg4 Qe8 39. g5 Be7 40. Rh1 Bf8 41. Rxh7+ Kxh7 42. Qh4+ 1-0

[Event "EYCC Open-U14 2019"]
[Site "Bratislava"]
[Date "2019.08.06"]
[Round "5.17"]
[White "Pasztor, Balazs"]
[Black "Fule, Simon"]
[Result "1/2-1/2"]
[ECO "C55"]
[WhiteElo "2140"]
[BlackElo "2184"]
[Annotator "NA"]
[PlyCount "48"]
[EventDate "2019.08.02"]
[EventType "swiss"]
[EventCountry "SVK"]
[SourceTitle "playchess.com"]
[Source "ChessBase"]
[SourceQuality "1"]
[TimeControl "40/5400+30:1800+30"]

1. e4 e5 2. Nf3 Nc6 3. Bc4 Nf6 4. d3 h6 5. O-O d6 6. c3 g5 7. Nbd2 Bg7 8. Bb3 O-O 9. Nc4 Ne7 10. Re1 Ng6 11. d4 exd4 12. Nxd4 Nxe4 13. Rxe4 d5 14. Re1 dxc4 15. Bxc4 Qf6 16. Be3 Ne5 17. Be2 b6 18. Nf3 Bb7 19. Bd4 Nxf3+ 20. Bxf3 Bxf3 21. Bxf6 Bxd1 22. Bxg7 Kxg7 23. Raxd1 Rad8 24. Kf1 Kf6 1/2-1/2

[Event "EYCC Open-U14 2019"]
[Site "Bratislava"]
[Date "2019.08.06"]
[Round "5.18"]
[White "Popov, Maksim M."]
[Black "Mitusov, Semen"]
[Result "0-1"]
[ECO "A06"]
[WhiteElo "2152"]
[BlackElo "2199"]
[Annotator "NA"]
[PlyCount "158"]
[EventDate "2019.08.02"]
[EventType "swiss"]
[EventCountry "SVK"]
[SourceTitle "playchess.com"]
[Source "ChessBase"]
[SourceQuality "1"]
[TimeControl "40/5400+30:1800+30"]

1. Nf3 d5 2. e3 Nf6 3. b3 e6 4. Bb2 b6 5. d4 Bb7 6. Bd3 Bd6 7. Nbd2 c5 8. O-O Nc6 9. Qe2 Qc7 10. c3 a6 11. e4 dxe4 12. Nxe4 cxd4 13. cxd4 Nxe4 14. Bxe4 Nb4 15. Ne5 Bxe4 16. Qxe4 Nd5 17. Rac1 Qe7 18. Rc6 O-O 19. Nc4 Bc7 20. Rc1 Qg5 21. Ne5 Bd8 22. Ba3 Be7 23. f4 Qh6 24. Bxe7 Nxe7 25. Rxb6 Nd5 26. Rb7 Rac8 27. Rxc8 Rxc8 28. Qc2 Rf8 29. g3 Qh3 30. Nd7 Rd8 31. Rb8 Rxb8 32. Nxb8 h5 33. Nd7 h4 34. Qc8+ Kh7 35. Qd8 f6 36. Nf8+ Kh6 37. Qe8 Qg4 38. Qxe6 Qf3 39. Qe8 Qd3 40. Kf2 Qxd4+ 41. Kg2 Qd3 42. Qe6 Ne3+ 43. Kf2 Nf5 44. Qe8 hxg3+ 45. hxg3 Qxg3+ 46. Ke2 Qg2+ 47. Ke1 Nd4 48. Kd1 Qc2+ 49. Ke1 Qc1+ 50. Kf2 Qxf4+ 51. Ke1 Qc1+ 52. Kf2 Qd2+ 53. Kf1 Qd3+ 54. Kf2 Qf5+ 55. Ke3 Qg4 56. Kd3 Nf5 57. Qd7 Qd1+ 58. Ke4 Nd6+ 59. Ke3 Qg1+ 60. Ke2 Qg2+ 61. Kd1 Ne4 62. Qd4 Qf1+ 63. Kc2 Qe2+ 64. Kc1 g5 65. Qd7 Qe3+ 66. Kd1 Kh5 67. Qe8+ Kg4 68. Qd7+ f5 69. Ng6 Qg1+ 70. Kc2 Qc5+ 71. Kb1 Qd6 72. Qg7 Qf6 73. Ne5+ Kf4 74. Ng6+ Kg3 75. Qc7+ Qd6 76. Qf7 Qf6 77. Qc7+ f4 78. Ne7 Qc3 79. Nf5+ Kg4 0-1

[Event "EYCC Open-U14 2019"]
[Site "Bratislava"]
[Date "2019.08.06"]
[Round "5.19"]
[White "Revaliente Montoya, Ciro"]
[Black "Shoshin, Kirill"]
[Result "1/2-1/2"]
[ECO "C11"]
[WhiteElo "1917"]
[BlackElo "2089"]
[Annotator "NA"]
[PlyCount "64"]
[EventDate "2019.08.02"]
[EventType "swiss"]
[EventCountry "SVK"]
[SourceTitle "playchess.com"]
[Source "ChessBase"]
[SourceQuality "1"]
[TimeControl "40/5400+30:1800+30"]

1. e4 e6 2. d4 d5 3. Nc3 Nf6 4. Bg5 dxe4 5. Nxe4 Be7 6. Bxf6 gxf6 7. Nf3 f5 8. Nc3 a6 9. g3 b5 10. Bg2 Bb7 11. O-O Qd6 12. Re1 Nd7 13. d5 e5 14. Qe2 b4 15. Nxe5 bxc3 16. Nc4 Qf6 17. d6 cxd6 18. Bxb7 Ra7 19. Rad1 Ne5 20. Nxe5 dxe5 21. Qxe5 Qxe5 22. Bc6+ Kf8 23. Rxe5 cxb2 24. Rxf5 Kg7 25. Rb1 Bf6 26. g4 Rc8 27. Be4 Rc4 28. f3 Rac7 29. Rxf6 Kxf6 30. Rxb2 a5 31. Bxh7 Rb4 32. Rb3 Rxb3 1/2-1/2

[Event "EYCC Open-U14 2019"]
[Site "Bratislava"]
[Date "2019.08.06"]
[Round "5.20"]
[White "Andrijashkin, Deniss"]
[Black "Dzida, Kamil"]
[Result "0-1"]
[ECO "C54"]
[WhiteElo "1862"]
[BlackElo "1987"]
[Annotator "NA"]
[PlyCount "58"]
[EventDate "2019.08.02"]
[EventType "swiss"]
[EventCountry "SVK"]
[SourceTitle "playchess.com"]
[Source "ChessBase"]
[SourceQuality "1"]
[TimeControl "40/5400+30:1800+30"]

1. e4 e5 2. Nf3 Nc6 3. Bc4 Bc5 4. c3 Nf6 5. d3 O-O 6. Nbd2 d6 7. a4 a5 8. O-O Ba7 9. Re1 Ng4 10. Re2 Kh8 11. h3 Nh6 12. Nf1 f5 13. Bxh6 gxh6 14. exf5 Bxf5 15. Bd5 Ne7 16. Bxb7 Rb8 17. Be4 Rg8 18. Bxf5 Nxf5 19. Kh2 Qf6 20. Ne3 Bxe3 21. fxe3 Nxe3 22. Qg1 Nd5 23. Rd2 Qf4+ 24. Kh1 Ne3 25. Qh2 Rg3 26. Ng1 Rbg8 27. Ne2 Qf2 28. Nxg3 Qxd2 29. Nf1 Qxb2 0-1

[Event "EYCC Open-U14 2019"]
[Site "Bratislava"]
[Date "2019.08.06"]
[Round "5.21"]
[White "Petreski, Leonid"]
[Black "Oglaza, Oskar"]
[Result "0-1"]
[ECO "B40"]
[WhiteElo "1644"]
[BlackElo "2345"]
[Annotator "NA"]
[PlyCount "72"]
[EventDate "2019.08.02"]
[EventType "swiss"]
[EventCountry "SVK"]
[SourceTitle "playchess.com"]
[Source "ChessBase"]
[SourceQuality "1"]
[TimeControl "40/5400+30:1800+30"]

1. e4 c5 2. Nf3 e6 3. d4 cxd4 4. Nxd4 Nf6 5. Bd3 Nc6 6. Nb3 Be7 7. O-O O-O 8. f4 e5 9. Nc3 exf4 10. Bxf4 d6 11. Be2 Be6 12. Bf3 Ne5 13. Qd4 Nfd7 14. Rad1 Bg5 15. Bxg5 Qxg5 16. Nd2 Nf6 17. Nd5 Bxd5 18. exd5 Rfe8 19. c4 b6 20. b4 Rac8 21. Rc1 Ng6 22. Rfe1 Rxe1+ 23. Rxe1 Ne5 24. Kh1 h5 25. Be2 Nfg4 26. Bxg4 Qxg4 27. Qxg4 hxg4 28. a4 a6 29. c5 bxc5 30. b5 axb5 31. axb5 Rb8 32. Rb1 f5 33. Nf1 Kf7 34. Kg1 g6 35. Kf2 Nd3+ 36. Ke3 Nb4 {[%emt 0:00:04] Kd4} 0-1

[Event "EYCC Open-U14 2019"]
[Site "Bratislava"]
[Date "2019.08.06"]
[Round "5.22"]
[White "Musyuk, Lior"]
[Black "Kristoferitsch, Daniel"]
[Result "1/2-1/2"]
[ECO "C11"]
[WhiteElo "2236"]
[BlackElo "2108"]
[Annotator "NA"]
[PlyCount "75"]
[EventDate "2019.08.02"]
[EventType "swiss"]
[EventCountry "SVK"]
[SourceTitle "playchess.com"]
[Source "ChessBase"]
[SourceQuality "1"]
[TimeControl "40/5400+30:1800+30"]

1. e4 e6 2. d4 d5 3. Nc3 Nf6 4. e5 Nfd7 5. f4 c5 6. Nf3 Nc6 7. Be3 Be7 8. dxc5 O-O 9. Qd2 Qa5 10. O-O-O b6 11. Bb5 Nb4 12. a3 bxc5 13. Bxd7 Bxd7 14. axb4 cxb4 15. Nb1 Rfc8 16. Nd4 Qa2 17. Qd3 a5 18. Kd2 Qxb2 19. Nb3 a4 20. Bd4 Qa2 21. Nc1 Qxb1 22. Nb3 Qa2 23. Ra1 axb3 24. Rxa2 bxa2 25. Bb2 Rc4 26. Ra1 Rxf4 27. Qb3 Rf2+ 28. Ke1 Rxg2 29. Rxa2 Rxa2 30. Qxa2 Be8 31. Bd4 Kf8 32. Kd1 g6 33. Qa7 Rxh2 34. Bc5 Bxc5 35. Qxc5+ Kg7 36. Qe7 Bb5 37. Qf6+ Kg8 38. Qd8+ 1/2-1/2

[Event "EYCC Open-U14 2019"]
[Site "Bratislava"]
[Date "2019.08.06"]
[Round "5.23"]
[White "Tadic, Stefan"]
[Black "Brnusak, Tomas"]
[Result "1-0"]
[ECO "B47"]
[WhiteElo "2262"]
[BlackElo "2032"]
[Annotator "NA"]
[PlyCount "71"]
[EventDate "2019.08.02"]
[EventType "swiss"]
[EventCountry "SVK"]
[SourceTitle "playchess.com"]
[Source "ChessBase"]
[SourceQuality "1"]
[TimeControl "40/5400+30:1800+30"]

1. e4 c5 2. Nf3 e6 3. d4 cxd4 4. Nxd4 Nc6 5. Nc3 Qc7 6. Be2 a6 7. O-O Nf6 8. Be3 Bb4 9. Nxc6 bxc6 10. Qd4 c5 11. Qc4 Bb7 12. a3 Bxc3 13. Qxc3 Rc8 14. f3 d5 15. exd5 exd5 16. Bg5 Nd7 17. Qxg7 Qe5 18. Qxe5+ Nxe5 19. Bf6 Ng6 20. Bxh8 Nxh8 21. f4 Kf8 22. Bf3 Ng6 23. g3 c4 24. Rad1 Ne7 25. g4 Rc5 26. c3 Ng6 27. Rd4 Ke7 28. Rfd1 Kd6 29. Kf2 Nf8 30. Kg3 Ne6 31. R4d2 Rb5 32. h4 d4 33. Bxb7 Rxb7 34. f5 Nc5 35. Rxd4+ Ke5 36. Rd5+ {[%emt 0:00:05] Kxd5} 1-0

[Event "EYCC Open-U14 2019"]
[Site "Bratislava"]
[Date "2019.08.06"]
[Round "5.24"]
[White "Gnojek, Petr"]
[Black "Grzesik, Gracjan"]
[Result "1-0"]
[ECO "D57"]
[WhiteElo "2246"]
[BlackElo "2004"]
[Annotator "NA"]
[PlyCount "125"]
[EventDate "2019.08.02"]
[EventType "swiss"]
[EventCountry "SVK"]
[SourceTitle "playchess.com"]
[Source "ChessBase"]
[SourceQuality "1"]
[TimeControl "40/5400+30:1800+30"]

1. d4 Nf6 2. c4 e6 3. Nf3 d5 4. Nc3 Be7 5. Bg5 h6 6. Bh4 O-O 7. e3 Ne4 8. Bxe7 Qxe7 9. cxd5 Nxc3 10. bxc3 exd5 11. Qc2 c5 12. Bd3 c4 13. Bf5 Nc6 14. O-O b5 15. Rfe1 Re8 16. Nd2 Qa3 17. Bxc8 Raxc8 18. e4 dxe4 19. Nxe4 b4 20. d5 Ne5 21. cxb4 Nd3 22. Re3 Nxb4 23. Qe2 Qa4 24. Nc3 Qd7 25. Rxe8+ Qxe8 26. Re1 Qxe2 27. Rxe2 Rd8 28. g3 Rd7 29. Rd2 f5 30. Rd4 Kh7 31. Kf1 Kg6 32. a3 Nc2 33. Rd2 Na1 34. Rd4 Nb3 35. Rd1 Kf6 36. Re1 Re7 37. Rxe7 Kxe7 38. Ke2 a6 39. Ke3 g5 40. h3 Kd6 41. f4 Ke7 42. g4 Kf6 43. d6 gxf4+ 44. Kxf4 fxg4 45. Kxg4 Nd4 46. Kh5 Nb5 47. Nd5+ Ke6 48. d7 Kxd7 49. Nb6+ Ke6 50. Nxc4 Kf7 51. Kxh6 Kg8 52. Kg6 Kh8 53. a4 Nc3 54. a5 Ne4 55. Ne5 Nc5 56. h4 Ne6 57. Nd7 Kg8 58. h5 Nd4 59. h6 Nc6 60. h7+ Kh8 61. Nf8 Nxa5 62. Kh6 Nc6 63. Ng6# 1-0